Map: Prion Terraces

Players

LilDicky - Winner!

  • Race: Terran Terran
  • League: Diamond

Tang

  • Race: Zerg Zerg
  • League: Diamond

VOD

http://www.twitch.tv/tumescentpie

Description

Time

  • Played on: Nov. 23, 2015, 10:16 p.m.
  • Length: 13:43
Show
View Real Time Build Order
Export as new Build Order

LilDicky Terran - Winner!

Build Orders: MMM Bio 

Get SALT Encoding   

  12  0:01  SCV  
  13  0:13  SCV  
  14  0:18  Supply Depot  
  14  0:25  SCV  
  15  0:29  Refinery  
  15  0:39  SCV  
  16  0:45  Barracks  
  16  0:51  SCV  
  17  1:02  Barracks  
  17  1:06  SCV  
  18  1:18  SCV  
  18  1:20  Supply Depot  
  19  1:31  SCV  
  20  1:34  Reaper  
  22  1:47  Orbital Command  
  22  1:51  Reaper  
  22  1:55  Barracks  
  22  2:01  Refinery  
  22  2:06  Reaper  
  23  2:13  SCV  
  24  2:16  Supply Depot  
  24  2:23  Reaper  
  25  2:33  Barracks  
  25  2:38  Reaper  
  26  2:52  Reaper  
  26  2:55  Reaper  
  28  3:15  Reaper  
  28  3:16  SCV  
  30  3:24  Reaper  
  31  3:27  Reaper  
  31  3:28  SCV  
  31  3:29  Reaper  
  31  3:33  Command Center  
  34  3:34  Supply Depot  
  34  3:40  SCV  
  35  3:52  SCV  
  36  4:02  Reaper x4  
  39  4:23  SCV  
  40  4:28  Command Center  
  40  4:34  Reaper x2  
  41  5:00  SCV  
  44  5:12  SCV  
  41  5:21  Barracks Tech Lab  
  40  5:28  Barracks Tech Lab  
  40  5:29  Barracks Tech Lab  
  40  5:36  Factory  
  40  5:39  SCV  
  40  5:40  Barracks  
  40  5:41  Barracks x2  
  41  5:42  Barracks, Marine  
  41  5:43  Marine  
  42  6:00  Marine  
  42  6:03  Orbital Command, Marauder x3  
  42  6:04  Orbital Command  
  48  6:12  Stimpack  
  48  6:13  Combat Shields  
  48  6:18  Marine  
  48  6:21  Factory Reactor  
  48  6:25  Starport  
  49  6:33  Supply Depot  
  49  6:37  SCV x2  
  49  6:38  Orbital Command  
  51  6:53  Orbital Command  
  51  6:55  Bunker  
  51  6:56  SCV  
  51  6:59  Bunker  
  52  7:05  Marine x2  
  52  7:06  Marauder x3  
  52  7:07  Barracks Reactor x2  
  60  7:09  SCV  
  59  7:24  Marine  
  59  7:28  Marauder x2  
  64  7:33  SCV x3, Supply Depot  
  64  7:36  Marine x2  
  69  7:42  Factory Reactor  
  69  7:43  Medivac  
  71  7:45  SCV x3, Medivac  
  71  7:49  Marine  
  71  7:50  Marine  
  78  7:57  SCV x3  
  81  8:04  Marine x3  
  81  8:05  Marauder x2  
  87  8:11  Marine x2  
  87  8:12  Marauder  
  88  8:20  Marine  
  88  8:22  Marine  
  88  8:26  Marauder x2  
  93  8:31  Concussive Shells  
  93  8:35  Marine  
  93  8:36  SCV x3, Marauder  
  93  8:37  Refinery x2  
  99  8:45  Marine x2  
  99  8:48  SCV x3, Marauder x2  
  108  9:12  Marine  
  109  9:19  Marine  
  109  9:45  Supply Depot  
  109  9:46  Supply Depot x2, Medivac x2, SCV, Marine  
  109  9:47  SCV x2, Marauder x2, Supply Depot, Marine x4  
  109  9:49  Supply Depot  
  109  9:51  Engineering Bay  
  125  9:53  Engineering Bay  
  125  9:55  Marine  
  125  9:59  Marauder  
  125  10:07  Marine x5  
  125  10:08  Marauder x2  
  134  10:21  Supply Depot  
  134  10:22  Terran Infantry Weapons Level 1, Terran Infantry Armor Level 1  
  134  10:23  Marine x2  
  134  10:24  Armory, Medivac  
  138  10:29  Marauder, Refinery x2, Marine x2  
  138  10:32  Marine x2  
  138  10:34  Command Center  
  144  10:40  Marine x2  
  144  10:41  Marine x2  
  144  10:42  SCV  
  147  10:46  Marine  
  148  10:51  Marauder  
  149  10:59  Marauder  
  149  11:01  Marine x2  
  151  11:07  Marine x2  
  151  11:08  Marauder  
  151  11:09  Marine x2  
  157  11:12  Marauder  
  159  11:19  Marine x2  
  159  11:20  Marauder  
  159  11:25  Marine x2  
  165  11:26  Marine  
  165  11:27  Marine  
  165  11:29  Marauder  
  167  11:34  Marauder  
  167  11:37  Marine  
  167  11:38  Marine  
  165  11:41  Marauder  
  165  11:43  Marine x2  
  165  11:44  Marine  
  169  11:48  Marine  
  169  11:51  Marauder  
  169  11:54  Marine  
  169  11:55  Marauder  
  169  11:56  Marine  
  169  12:00  Marine  
  169  12:01  Marine  
  175  12:02  Marine  
  175  12:03  Medivac x2, Marauder  
  175  12:05  Marine  
  183  12:12  Marine, Marauder  
  183  12:14  Marine  
  184  12:16  Marauder  
  184  12:18  Missile Turret  
  186  12:24  Marauder  
  186  12:25  Missile Turret  
  186  12:28  Missile Turret  
  188  12:39  Marauder x2  
  188  12:40  Marine  
  188  12:41  Marine  
  188  12:48  Marine x2  
  188  12:58  Marine  
  188  12:59  Marauder, Marine x2, Medivac x2  
  188  13:00  Marauder  
Show
View Real Time Build Order
Export as new Build Order

Tang Zerg 

Build Orders: Hatch First 

Get SALT Encoding   

  12  0:01  Drone  
  13  0:09  Drone  
  14  0:18  Overlord  
  14  0:25  Drone, Extractor  
  15  0:37  Drone x2  
  17  0:46  Drone  
  18  0:58  Hatchery  
  18  1:01  Drone  
  18  1:07  Extractor  
  18  1:08  Drone  
  18  1:16  Drone  
  19  1:24  Spawning Pool  
  18  1:34  Drone  
  19  1:41  Overlord  
  19  1:48  Drone  
  20  2:04  Drone  
  21  2:11  Queen x2  
  21  2:13  Metabolic Boost  
  21  2:15  Zergling x2  
  26  2:18  Drone  
  26  2:22  Drone  
  28  2:25  Drone  
  29  2:32  Overlord  
  29  2:37  Overlord  
  29  2:48  Drone  
  29  2:53  Drone x2  
  29  2:57  Zergling x2  
  32  3:05  Zergling x2  
  32  3:06  Zergling x2  
  32  3:07  Baneling Nest  
  32  3:22  Zergling x2  
  32  3:23  Zergling x4  
  34  3:27  Zergling x4  
  34  3:31  Drone  
  37  3:45  Zergling x4  
  39  3:54  Zergling x10  
  41  3:58  Zergling x2  
  41  4:04  Roach Warren  
  41  4:06  Queen  
  41  4:08  Drone  
  42  4:25  Spine Crawler  
  42  4:26  Spine Crawler  
  42  4:30  Drone, Spine Crawler  
  42  4:31  Drone x2, Spine Crawler x2, Zergling x2  
  41  4:37  Zergling x6  
  41  4:38  Zergling x2  
  42  4:47  Roach  
  42  4:50  Roach  
  42  4:52  Roach  
  45  5:01  Roach x2  
  49  5:07  Roach  
  49  5:08  Roach  
  49  5:12  Roach  
  48  5:19  Roach  
  48  5:20  Roach  
  50  5:45  Drone x2, Spine Crawler  
  50  5:47  Spine Crawler  
  51  6:04  Drone  
  51  6:06  Overlord x2  
  51  6:07  Spine Crawler  
  51  6:09  Spine Crawler  
  49  6:16  Zergling x4  
  51  6:26  Drone x2  
  51  6:27  Drone x2  
  51  6:28  Drone  
  51  6:29  Drone  
  51  6:31  Drone  
  58  6:46  Overlord x2  
  58  6:47  Drone  
  59  6:55  Overlord  
  59  6:56  Overlord  
  59  7:07  Overlord  
  59  7:08  Drone  
  59  7:09  Drone x3  
  62  7:23  Roach  
  62  7:24  Roach x3  
  62  7:25  Zergling x2  
  62  7:29  Drone x2  
  73  7:32  Drone x2  
  75  7:37  Drone x2  
  75  7:38  Drone  
  78  7:48  Extractor  
  77  7:54  Drone x2, Extractor  
  77  7:55  Drone, Extractor  
  76  8:03  Zergling x12  
  76  8:04  Zergling x2  
  80  8:29  Drone x2  
  82  8:47  Zergling x8  
  86  8:48  Lair x2  
  86  8:53  Evolution Chamber  
  86  8:54  Evolution Chamber, Hatchery  
  86  8:55  Drone x3  
  86  8:57  Roach x2, Zergling x2  
  91  9:13  Drone  
  91  9:14  Drone x2  
  94  9:23  Zergling x8  
  94  9:26  Baneling x3  
  94  9:27  Baneling x6  
  94  9:28  Baneling x4  
  94  9:41  Roach x3  
  100  9:49  Hatchery  
  96  10:01  Centrifical Hooks  
  94  10:07  Overlord x2  
  94  10:08  Overlord  
  94  10:11  Zerg Melee Weapons Level 1  
  94  10:23  Zerg Ground Armor Level 1  
  94  10:25  Glial Reconstitution, Queen  
  96  10:34  Zergling x4  
  96  10:35  Zergling x8  
  102  10:50  Zergling x8  
  99  11:01  Queen  
  99  11:09  Zergling x8  
  100  11:22  Spire  
  100  11:23  Baneling x2  
  100  11:24  Drone, Baneling x3  
  100  11:25  Drone x4  
  99  11:40  Zergling x4  
  99  11:45  Roach x2  
  105  11:51  Zergling x6  
  105  11:52  Queen  
  108  12:04  Zergling x6  
  108  12:05  Zergling x4  
  113  12:10  Drone  
  113  12:12  Extractor  
  113  12:13  Drone  
  113  12:15  Extractor  
  111  12:19  Roach  
  111  12:20  Zergling x2  
  113  12:33  Baneling x4  
  113  12:34  Baneling x2  
  113  12:37  Overlord x4, Queen  
  113  12:43  Baneling  
  112  12:44  Zergling x2  
  112  12:52  Zergling x2  
  112  12:53  Overlord x2  
  112  12:57  Mutalisk x6  
  125  13:00  Drone  
  126  13:07  Zergling x6  
  127  13:18  Zergling x4  
Tags
 
Add a new tag
Caveats
  • Supply blocks, unpowered buildings, or Contaminate may cause inaccurate times.
  • Supply counts are checked every 10 seconds.